 Dungeon Crawl Stone Soup version 0.27-a0-223-ge082b6e869 (webtiles) character file.

Game seed: 14093027233640388751

340 KristoblXynda the Shield-Bearer (level 6, -1/47 HPs)
             Began as a Formicid Fighter on Feb 1, 2021.
             Was an Initiate of Cheibriados.
             Slain by an orc
             ... wielding a +0 club
              (4 damage)
             ... on level 4 of the Dungeon.
             The game lasted 00:04:10 (3442 turns).

KristoblXynda the Shield-Bearer (Formicid Fighter)  Turns: 3442, Time: 00:04:11

Health: -1/47      AC:  5    Str: 21    XL:     6   Next: 87%
Magic:  6/6        EV:  8    Int: 11    God:    Cheibriados [......]
Gold:   195        SH: 10    Dex: 11    Spells: 5/5 levels left

rFire    . . .     SeeInvis +   a - +0 war axe
rCold    . . .     Faith    .   c - +0 kite shield
rNeg     . . .     Spirit   .   b - +0 scale mail
rPois    .         Reflect  .   (helmet unavailable)
rElec    .         Harm     .   t - +1 cloak
rCorr    .         Rampage  .   (no gloves)
Will     .....                  (no boots)
Stlth    ..........             (no amulet)
HPRegen  0.15/turn              (no ring)
MPRegen  0.10/turn              (no ring)

@: corroded, very slow
A: permanent stasis, dig shafts and tunnels, four strong arms, antennae 3
a: Dig, Shaft Self, Renounce Religion, Bend Time


You were on level 4 of the Dungeon.
You worshipped Cheibriados.
Cheibriados was noncommittal.
You visited 2 branches of the dungeon, and saw 5 of its levels.

You collected 195 gold pieces.

Inventory:

Hand Weapons
 a - a +0 war axe (weapon)
Armour
 b - a +0 scale mail (worn)
 c - a +0 kite shield (worn)
 t - a +1 cloak (worn)
Jewellery
 j - an uncursed ring of fire
Scrolls
 f - 3 scrolls of remove curse
 g - a scroll of fog
 k - 3 scrolls of enchant weapon {unknown}
 l - a scroll of enchant armour
 o - 2 scrolls of immolation
 q - a scroll of amnesia
 s - a scroll of magic mapping {unknown}
 u - a scroll of noise {unknown}
 v - a scroll of fear {unknown}
 y - a scroll of teleportation {unknown}
 z - 2 scrolls of identify
Potions
 d - 2 potions of might
 e - 2 potions of heal wounds
 h - a potion of cancellation {unknown}
 i - 4 potions of lignification
 m - a potion of invisibility {unknown}
 n - a potion of attraction {unknown}
 p - a potion of flight {unknown}
 r - a potion of haste {unknown}
 w - 2 potions of magic
 x - a potion of resistance {unknown}


   Skills:
 - Level 3.2 Fighting
 * Level 4.9 Axes
 + Level 4.8 Armour
 + Level 5.3 Shields


You had 5 spell levels left.
You didn't know any spells.
Your spell library was empty.

Dungeon Overview and Level Annotations

Branches:
Dungeon (4/15)             Temple (1/1) D:4

Altars:
Ashenzari
Cheibriados
Dithmenos
Elyvilon
Fedhas
Gozag
Kikubaaqudgha
Makhleb
Nemelex Xobeh
Okawaru
Qazlal
Ru
Sif Muna
Uskayaw
Vehumet
Wu Jian
Xom
Yredelemnul
Zin
The Shining One


Innate Abilities, Weirdness & Mutations

You cannot be hasted, slowed, berserked, paralysed or teleported.
You can dig through walls and to a lower floor.
Your four strong arms can wield two-handed weapons with a shield.
You have a pair of large antennae on your head. (SInv)


Message History

The orc priest shouts!
You hit the orc. The orc misses you. The orc barely misses you.
You hit the orc.
You kill the orc!
Cheibriados appreciates the change of pace.
You closely miss the orc.
The orc wizard zaps a wand.
The bolt of acid hits the orc!
The orc is splashed with acid.
The orc dies!
The bolt of acid hits you!! The acid corrodes you!
You are splashed with acid!
The orc completely misses you. The orc hits you with a +0 club.
* * * LOW HITPOINT WARNING * * *
The orc priest miscasts a cantrip.
The orc priest mumbles some strange prayers to Beogh against you.
Pain shoots through your body!
* * * LOW HITPOINT WARNING * * *
The orc wizard points at itself and mumbles some strange words.
The orc wizard flickers and vanishes for a moment.
The orc hits you with a +0 club.
You die...

#########
........#######
........o.oo@.##
..:....)#..##..##
.....).....##...#####
.......o#...........##
.........##..#...##..#
.###.#....##..######.#
........###..####..#
####.....###.......#
#..##..#..>...#.##


You could see an orc priest, an orc wizard (invisible) and 2 orcs.

Vanquished Creatures
  A hound (D:4)
  Natasha (thrice) (D:2)
  2 orc wizards
  A worker ant (D:4)
  4 adders
  3 gnolls (D:4)
  2 oozes (D:1)
  2 adder skeletons
  A worm (D:2)
  A dart slug (D:1)
  2 leopard geckos
  11 orcs
  5 giant cockroaches
  6 goblins
  3 hobgoblins
  4 jackals (D:3)
  7 kobolds
  2 quokkas
  9 bats
  2 frilled lizards
  6 rats
77 creatures vanquished.

Vanquished Creatures (others)
  An orc (D:4)
1 creature vanquished.

Grand Total: 78 creatures vanquished

Notes
Turn   | Place    | Note
-------+----------+-------------------------------------------
     0 | D:1      | KristoblXynda the Formicid Fighter began the quest for the
                  | Orb.
     0 | D:1      | Reached XP level 1. HP: 18/18 MP: 1/1
   169 | D:1      | Reached XP level 2. HP: 24/24 MP: 2/2
   499 | D:1      | Reached XP level 3. HP: 29/29 MP: 3/3
   556 | D:1      | Reached skill level 4 in Shields
  1188 | D:2      | Found a shimmering blue altar of Sif Muna.
  1236 | D:2      | Found a white marble altar of Elyvilon.
  1252 | D:2      | Noticed Natasha
  1256 | D:2      | Reached XP level 4. HP: 33/35 MP: 4/4
  1277 | D:2      | Killed Natasha
  1302 | D:2      | Noticed Natasha
  1310 | D:2      | Killed Natasha
  1311 | D:2      | Reached XP level 5. HP: 8/41 MP: 5/5
  1474 | D:2      | Noticed Natasha
  1487 | D:2      | Killed Natasha
  2244 | D:3      | Reached XP level 6. HP: 38/47 MP: 6/6
  2530 | D:3      | Reached skill level 5 in Shields
  2575 | D:3      | Found a glowing golden altar of the Shining One.
  2608 | D:3      | Found an ornate altar of the Wu Jian Council.
  2700 | D:3      | Found a sparkling altar of Nemelex Xobeh.
  3244 | D:4      | Found a staircase to the Ecumenical Temple.
  3251 | Temple   | Entered the Ecumenical Temple
  3340 | Temple   | Became a worshipper of Cheibriados the Contemplative
  3442 | D:4      | Slain by an orc

Illustrated notes

Levels and vault maps discovered:
D:1:      minmay_arrival_floating_metal, layout_loops_corners,
          minmay_curled_crystal
D:2:      layout_rooms, grunt_temple_overflow_open, corexii_hall_statues_x,
          uniq_natasha
D:3:      layout_basic, lemuel_crystal_altar, old_standard_altar,
          nemelex_xobeh_ov_fountains_minmay
D:4:      layout_rooms, minmay_temple_entry_wispy
Temple:   nicolae_temple_elliptical

Skill      XL: |  1  2  3  4  5  6 |
---------------+-------------------+-----
Shields        | 4 5 |  5.3
Axes           | 3 4 |  4.9
Armour         | 4 |  4.8
Fighting       | |  3.2

Action                   |  1- 3 |  4- 6 || total
-------------------------+-------+-------++-------
Melee: War axe           |    77 |   201 ||   278
  Use: Scroll            |       |    10 ||    10
Armor: Scale mail        |    41 |    75 ||   116
       Skin              |       |    30 ||    30
Dodge: Dodged            |    39 |    82 ||   121
Block: Kite shield       |    42 |   119 ||   161

Table legend: (Time is in decaauts)
 A = Elapsed time spent in this place.
 B = Non-inter-level travel time spent in this place.
 C = Inter-level travel time spent in this place.
 D = Time resting spent in this place.
 E = Time spent auto-exploring this place.
 F = Levels seen in this place.
 G = Mean time per level.
                   A        B        C        D        E       F      G
               +--------+--------+--------+--------+--------+-----+--------+
         Total |   3610 |   3497 |    113 |    357 |   2345 |   5 |  722.0 |
       Dungeon |   3419 |   3339 |     80 |    357 |   2207 |   4 |  854.8 |
        Temple |    191 |    158 |     33 |      0 |    138 |   1 |  191.0 |
               +--------+--------+--------+--------+--------+-----+--------+

Top non-repeatable levels by time:
     D:2: 1266 daAuts
     D:1: 1025 daAuts
     D:3: 884 daAuts
     D:4: 242 daAuts
  Temple: 191 daAuts
